Map: Dusk Towers

Players

MorN

  • Race: Terran Terran
  • League: Master

Apocalypse - Winner!

  • Race: Protoss Protoss
  • League: Master

VOD

Have the link to the VOD?

Description

Time

  • Played on: Dec. 2, 2015, 1:24 p.m.
  • Length: 13:23
Show
View Real Time Build Order
Export as new Build Order

MorN Terran 

Build Orders: MMM Bio 

Get SALT Encoding   

  12  0:01  SCV  
  13  0:13  SCV  
  14  0:17  Supply Depot  
  14  0:25  SCV  
  15  0:39  SCV  
  15  0:40  Barracks  
  16  0:44  Refinery  
  16  0:51  SCV  
  17  1:03  SCV  
  18  1:15  SCV  
  19  1:28  Marine  
  19  1:29  Orbital Command  
  20  1:44  Command Center  
  20  1:47  Marine  
  21  1:58  Factory  
  21  2:05  Marine  
  22  2:11  SCV  
  22  2:13  Supply Depot  
  23  2:35  SCV, Marine  
  25  2:43  Factory Tech Lab, Barracks  
  25  2:47  SCV  
  26  2:53  Marine  
  26  2:57  Orbital Command  
  27  3:04  Cyclone  
  30  3:06  SCV  
  31  3:13  Marine  
  32  3:20  SCV  
  32  3:23  Refinery  
  32  3:24  SCV, Engineering Bay  
  34  3:44  Factory Reactor  
  34  3:46  SCV x2, Barracks  
  36  3:51  Stimpack  
  36  3:59  SCV x2  
  36  4:01  Command Center  
  38  4:07  Barracks Tech Lab  
  38  4:09  Supply Depot  
  38  4:11  SCV x2  
  40  4:17  Refinery  
  40  4:19  Terran Infantry Weapons Level 1  
  40  4:23  SCV  
  41  4:29  Marine x2  
  41  4:30  SCV  
  44  4:31  Factory Reactor  
  44  4:38  Starport  
  44  4:41  SCV  
  44  4:42  SCV  
  44  4:44  Marine x2  
  48  4:47  Marine x2  
  48  4:49  Supply Depot  
  50  4:53  SCV  
  50  4:54  SCV  
  52  5:05  SCV  
  52  5:06  SCV  
  54  5:10  Marine x2  
  54  5:11  Marauder x2  
  54  5:12  Refinery  
  60  5:17  Factory Reactor, Orbital Command  
  60  5:18  SCV  
  60  5:20  SCV  
  57  5:36  Medivac x2  
  58  5:48  SCV x2  
  58  5:49  SCV  
  57  5:50  Marine  
  57  5:51  Marauder, Marine  
  57  5:53  Combat Shields  
  57  5:55  Concussive Shells, Widow Mine x2  
  65  6:00  SCV x2  
  65  6:01  Liberator  
  67  6:06  Marauder, Orbital Command  
  67  6:08  Marine  
  70  6:13  SCV  
  70  6:14  Terran Infantry Armor Level 1, SCV  
  73  6:26  SCV  
  73  6:28  Marauder, Marine  
  77  6:33  Supply Depot  
  77  6:34  Supply Depot  
  77  6:40  Marauder, Marine  
  77  6:43  SCV x2  
  77  6:45  SCV  
  77  6:46  Marine  
  84  6:49  Marine  
  84  6:50  Barracks  
  84  6:52  Engineering Bay, Barracks  
  85  6:55  SCV x2  
  85  6:57  Medivac  
  85  6:58  Armory  
  89  7:01  Medivac  
  89  7:02  Marauder  
  89  7:05  SCV  
  89  7:07  SCV  
  95  7:12  Widow Mine  
  95  7:13  Widow Mine  
  95  7:14  Liberator, Marauder  
  101  7:20  Supply Depot  
  101  7:22  SCV x2  
  101  7:23  Supply Depot, Marauder  
  101  7:28  Marine  
  93  7:35  Marauder  
  93  7:36  SCV x2  
  100  7:41  Widow Mine x2  
  95  7:45  Marauder  
  95  7:49  Barracks Reactor, Barracks Tech Lab  
  95  7:50  Marine x2  
  99  7:56  Marauder  
  93  8:06  Marauder  
  93  8:07  Marine  
  93  8:08  Marine  
  89  8:17  Marine  
  86  8:25  Marine  
  81  8:28  Marine x3, Marauder  
  81  8:29  Marauder  
  83  8:34  Widow Mine x2  
  83  8:35  Medivac, Marine  
  82  8:45  Marine  
  82  8:46  Marine x3  
  75  8:48  Marine  
  75  8:50  Marine  
  75  8:53  Marine  
  76  8:55  Orbital Command  
  69  9:05  Medivac x2  
  69  9:06  Marine  
  69  9:07  Marine x2  
  76  9:16  Marine x2  
  76  9:18  Liberator x2  
  76  9:22  Terran Infantry Weapons Level 2, Terran Infantry Armor Level 2  
  67  9:28  SCV x3  
  67  9:30  Marine x2  
  67  9:31  Marauder, Widow Mine, Marine x2  
  74  9:32  Widow Mine  
  74  9:34  Marauder  
  74  9:37  Supply Depot  
  88  9:39  Command Center  
  88  9:40  SCV x3  
  91  9:50  Missile Turret x3  
  91  9:51  Missile Turret  
  91  9:54  SCV x2  
  93  10:10  Marine x3  
  93  10:11  Marauder x2  
  93  10:12  Missile Turret, Marine x2  
  102  10:15  SCV  
  102  10:17  Refinery, Medivac  
  102  10:18  Refinery, Medivac  
  107  10:30  Marauder  
  107  10:32  Marauder x2  
  106  10:47  Medivac  
  96  11:02  Marine x3  
  96  11:03  Marauder x3  
  93  11:08  Marine  
  92  11:12  Missile Turret  
  92  11:13  SCV  
  92  11:14  SCV x2  
  92  11:17  Liberator x2  
  95  11:20  Marine x3  
  95  11:24  Marauder  
  95  11:25  Marauder x2  
  104  11:26  Marine  
  103  11:38  Marine x3  
  112  11:44  Marine  
  112  11:46  Marauder x2, Marine  
  118  11:49  Missile Turret  
  118  11:56  Marine x3  
  120  12:01  Missile Turret  
  120  12:02  Marine  
  120  12:04  Missile Turret, Marauder  
  119  12:10  Marine  
  119  12:11  Marauder  
  119  12:13  Marine  
  119  12:14  Marine  
  94  12:25  Marauder  
  94  12:26  Marine  
  94  12:28  Marauder  
  91  12:32  Marauder  
  91  12:34  Marine x2, Orbital Command  
  91  12:35  Marine  
  95  12:43  Marine  
  102  12:47  Marauder  
  102  12:49  Marine  
  105  12:51  Widow Mine x2  
  105  12:52  Marine x3  
  105  12:54  Marauder  
  105  12:57  Barracks  
  114  12:58  Barracks  
  114  12:59  Barracks  
  114  13:01  Missile Turret  
Show
View Real Time Build Order
Export as new Build Order

Apocalypse Protoss - Winner!

Build Orders: 1 Gate Expand 

Get SALT Encoding   

  12  0:01  Probe (Chrono Boost)  
  13  0:11  Probe (Chrono Boost)  
  14  0:18  Pylon  
  14  0:22  Probe (Chrono Boost)  
  15  0:36  Gateway, Probe (Chrono Boost)  
  15  0:42  Assimilator  
  16  0:46  Probe (Chrono Boost)  
  17  0:57  Probe (Chrono Boost)  
  18  1:08  Probe (Chrono Boost)  
  20  1:18  Probe (Chrono Boost)  
  20  1:25  Nexus  
  20  1:29  Probe (Chrono Boost)  
  21  1:37  Cybernetics Core  
  21  1:39  Probe (Chrono Boost)  
  22  1:46  Pylon  
  22  1:50  Probe (Chrono Boost)  
  23  1:55  Assimilator  
  23  2:04  Probe (Chrono Boost)  
  24  2:13  Warp Gate  
  24  2:14  Adept  
  28  2:15  Mothership Core (Chrono Boost)  
  28  2:23  Forge  
  28  2:33  Probe (Chrono Boost)  
  29  2:38  Probe (Chrono Boost)  
  29  2:41  Adept  
  33  2:44  Probe (Chrono Boost)  
  33  2:48  Probe (Chrono Boost)  
  34  2:54  Probe (Chrono Boost), Protoss Ground Armor Level 1 (Chrono Boost)  
  34  2:57  Probe  
  35  3:04  Robotics Facility  
  36  3:07  Probe  
  36  3:12  Probe, Adept  
  39  3:19  Probe  
  41  3:23  Probe  
  42  3:31  Probe  
  42  3:33  Probe  
  43  3:38  Gateway  
  44  3:41  Gateway, Pylon  
  44  3:43  Adept  
  46  3:57  Probe  
  46  3:59  Twilight Council, Probe  
  48  4:03  Assimilator  
  48  4:05  Assimilator  
  48  4:08  Probe  
  48  4:09  Warp Prism (Chrono Boost)  
  51  4:11  Probe  
  52  4:19  Probe  
  52  4:20  Pylon  
  52  4:22  Pylon  
  52  4:23  Probe  
  54  4:32  Protoss Ground Armor Level 2  
  54  4:38  Probe x2  
  56  4:39  Sentry x3  
  56  4:43  Observer (Chrono Boost)  
  63  4:50  Probe x2  
  65  4:56  Gateway  
  65  4:57  Gateway  
  65  5:01  Resonating Glaives (Chrono Boost)  
  65  5:02  Probe x2  
  67  5:13  Pylon  
  67  5:15  Pylon  
  67  5:28  Probe x2  
  67  5:32  Immortal (Chrono Boost)  
  73  5:40  Probe  
  73  5:41  Probe  
  75  5:48  Stalker x3  
  81  5:51  Nexus  
  81  5:53  Probe x2, Pylon  
  83  6:05  Probe  
  84  6:11  Immortal  
  84  6:13  Sentry x2, Pylon  
  84  6:14  Sentry  
  84  6:17  Pylon  
  94  6:23  Pylon  
  92  6:27  Probe x2  
  92  6:29  Adept  
  94  6:35  Pylon  
  94  6:37  Adept x2, Pylon, Protoss Ground Armor Level 3  
  94  6:38  Blink (Chrono Boost)  
  98  6:44  Probe  
  98  6:45  Probe  
  100  6:49  Dark Shrine  
  100  6:51  Adept x2  
  104  6:57  Probe  
  104  7:00  Probe  
  106  7:06  Pylon  
  106  7:09  Probe  
  106  7:12  Probe  
  106  7:13  Immortal  
  106  7:14  Probe  
  113  7:27  Adept x2  
  113  7:28  Stalker x2, Adept  
  123  7:31  Probe  
  123  7:32  Probe  
  123  7:34  Photon Cannon  
  123  7:35  Probe  
  123  7:37  Assimilator  
  126  7:43  Assimilator  
  126  7:47  Probe x2  
  128  7:51  Stalker x2  
  128  7:52  Stalker x2  
  125  8:05  Probe  
  122  8:13  Probe  
  122  8:14  Stalker x2  
  122  8:15  Stalker x2  
  122  8:16  Stalker  
  133  8:25  Immortal  
  127  8:37  Probe  
  127  8:38  Probe  
  127  8:46  Gateway  
  111  8:48  Gateway  
  111  8:49  Adept x5  
  111  8:50  Gateway  
  111  8:52  Probe  
  111  8:53  Gateway  
  114  9:05  Observer  
  114  9:06  Probe  
  116  9:15  Gateway  
  116  9:16  Gateway  
  116  9:20  Gateway  
  116  9:22  Gateway  
  110  9:27  Adept x4, Pylon  
  110  9:28  Adept, Protoss Ground Weapons Level 1 (Chrono Boost)  
  110  9:29  Pylon  
  120  9:32  Pylon  
  120  9:33  Pylon  
  120  9:36  Immortal, Photon Cannon  
  120  9:38  Charge (Chrono Boost)  
  124  9:41  Photon Cannon  
  124  9:43  Forge  
  124  9:53  Templar Archives  
  124  9:55  Dark Shrine  
  124  9:56  Dark Templar x3  
  124  9:57  Dark Templar  
  124  9:59  Sentry  
  132  10:10  Dark Templar x2, Zealot, Protoss Shields Level 1 (Chrono Boost)  
  132  10:11  Zealot x2  
  142  10:23  Immortal  
  130  10:51  Zealot  
  130  10:52  Adept x2, Zealot x2  
  130  10:53  Adept  
  137  11:02  Warp Prism  
  135  11:09  Sentry x2  
  135  11:10  Sentry x3  
  145  11:15  Probe  
  146  11:20  Nexus  
  146  11:22  Pylon  
  146  11:24  Pylon  
  146  11:35  Psionic Storm  
  146  11:36  Adept  
  146  11:37  Adept x7  
  146  11:38  Immortal  
  166  11:52  Probe x2  
  168  12:00  Probe  
  169  12:04  Probe  
  152  12:22  Adept x9  
  154  12:23  Adept x4  
  170  12:34  Immortal  
  170  12:46  Assimilator  
  170  12:51  Dark Templar, Assimilator  
  170  12:52  Dark Templar x2  
  176  13:00  Nexus  
  176  13:02  Zealot x3  
  178  13:19  Stalker  
  178  13:20  Stalker x6  
Tags
 
Composition
MMM Bio
Matchup
PvT
Replay Pack
MorN pack 2
Add a new tag
Caveats
  • Supply blocks, unpowered buildings, or Contaminate may cause inaccurate times.
  • Supply counts are checked every 10 seconds.